 Dungeon Crawl Stone Soup version 0.30-a0-694-g3340775977 (webtiles) character file.

Game seed: 11556869259324116631

40 Alitron123 the Covered (level 3, 0/33 HPs)
             Began as an Armataur Fighter on Jan 20, 2023.
             Slain by a goblin
             ... wielding a +0 club
              (1 damage)
             ... on level 2 of the Dungeon.
             The game lasted 00:02:13 (638 turns).

Alitron123 the Covered (Armataur Fighter)            Turns: 638, Time: 00:02:13

Health: 0/33       AC:  7    Str: 23    XL:     3   Next: 30%
Magic:  12/12      EV:  8    Int:  8    God:
Gold:   61         SH:  4    Dex:  9    Spells: 2/2 levels left

rFire   + + .      SeeInvis .    a - +0 flail
rCold   . . .      Faith    .    c - +0 buckler
rNeg    . . .      Spirit   .    k - +1 ring mail of the Shimmering Gods {*Corrode rPois rF++}
rPois   +          Reflect  .    (no helmet)
rElec   .          Harm     .    (no cloak)
rCorr   .          Roll     +    (no gloves)
Will    .....                    (no barding) Stlth
                                 (no amulet)
HPRegen 0.25/turn                e - ring of magical power
MPRegen 0.13/turn                (no ring)

@: mighty
A: large, rugged brown scales 3, deformed body, armoured tail, roll, long
tongue, awkward tongue
a: no special abilities


You were on level 2 of the Dungeon.
You visited 1 branch of the dungeon, and saw 2 of its levels.

You collected 61 gold pieces.

Inventory:

Hand Weapons
 a - a +0 flail (weapon)
Armour
 b - a +0 scale mail
 c - a +0 buckler (worn)
 k - the +1 ring mail of the Shimmering Gods (worn) {*Corrode rPois rF++}
   (You found it on level 2 of the Dungeon)

   rF:        It greatly protects you from fire.
   rPois:     It protects you from poison.
   *Corrode:  It may corrode you when you take damage.
Jewellery
 e - a ring of magical power (left hand)
Scrolls
 f - a scroll of immolation {unknown}
 g - a scroll of poison {unknown}
 h - a scroll of teleportation {unknown}
 j - a scroll of brand weapon {unknown}
Potions
 i - a potion of degeneration {unknown}


   Skills:
 + Level 3.0 Fighting
 + Level 2.2 Maces & Flails
 + Level 4.0 Armour
 + Level 0.3 Dodging
 + Level 3.7 Shields


You had 2 spell levels left.
You didn't know any spells.
Your spell library was empty.

Dungeon Overview and Level Annotations

Branches:
Dungeon (2/15)

Altars:


Innate Abilities, Weirdness & Mutations

You are completely covered in rugged brown scales. (AC +3, +7% HP)
Armour fits poorly on your strangely shaped body.
You have a long armoured tail.
You roll when moving toward enemies. (Rampage)
Your long tongue fully drains potion bottles. (2x potion effects)
Your tongue gives you trouble enunciating. (1.5x scroll delay)


Message History

The jackal bites you.
* * * LOW HITPOINT WARNING * * *
The jackal bites you but does no damage.
The goblin closely misses you. x2
You closely miss the jackal. The jackal barely misses you.
The goblin completely misses you. The rat bites you but does no damage.
The goblin barely misses you. The jackal barely misses you.
You hit the jackal.
Your tail-slap misses the jackal.
The jackal is almost dead.
You block the jackal's attack. You block the goblin's attack.
The goblin barely misses you. The rat barely misses you.
The jackal bites you but does no damage.
The rat barely misses you. The goblin hits you but does no damage.
The goblin barely misses you.
You sock the jackal!
You kill the jackal!
The goblin barely misses you. The goblin hits you but does no damage.
The rat bites you.
* * * LOW HITPOINT WARNING * * *
You bludgeon the rat!!
You kill the rat!
The goblin closely misses you. The goblin hits you with a +0 club.
* * * LOW HITPOINT WARNING * * *
The goblin barely misses you. x2
You see here a jackal corpse.
You barely miss the goblin.
Your tail-slap misses the goblin.
The goblin barely misses you. You block the goblin's attack. x2
The goblin hits you with a +0 club.
* * * LOW HITPOINT WARNING * * *
You closely miss the goblin. The goblin hits you with a +0 club.
* * * LOW HITPOINT WARNING * * *
The goblin hits you but does no damage.
You hit the goblin. You tail-slap the goblin.
You kill the goblin!
The goblin barely misses you.
You barely miss the goblin. The goblin hits you but does no damage.
The goblin hits you with a +0 club.
* * * LOW HITPOINT WARNING * * *
You closely miss the goblin. The goblin hits you with a +0 club.
You die...

#......# #.##
#......####..####.##
#..................<
#......#####.####..#
#......# #...#
#[.....# #...# #
#....).# #...###.###
###)#### ##...)......
#.# #..)@g...... #.#
#............ #.#
#............ #.#
#......!..... #.##
#............ #..#
#............
###.######...........
#........)#..........
#....>........


You could see a goblin.

Vanquished Creatures
  2 dart slugs (D:1)
  5 bats
  2 endoplasms
  2 giant cockroaches (D:1)
  5 goblins
  A hobgoblin (D:1)
  3 jackals (D:2)
  2 kobolds (D:2)
  3 quokkas (D:1)
  3 ball pythons
  A frilled lizard (D:2)
  2 rats
31 creatures vanquished.

Notes
Turn   | Place    | Note
-------+----------+-------------------------------------------
     0 | D:1      | Alitron123 the Armataur Fighter began the quest for the
                  | Orb.
     0 | D:1      | Reached XP level 1. HP: 19/19 MP: 1/1
   188 | D:1      | Reached XP level 2. HP: 24/26 MP: 2/2
   564 | D:2      | Identified the +1 ring mail of the Shimmering Gods
                  | {*Corrode rPois rF++}
   589 | D:2      | Reached skill level 4 in Armour
   611 | D:2      | Reached XP level 3. HP: 33/33 MP: 3/3
   637 | D:2      | HP: 1/33 [goblin/+0 club (2)]
   638 | D:2      | Slain by a goblin

Illustrated notes

Levels and vault maps discovered:
D:1:      lightli_arrival_chessboard, layout_rooms
D:2:      layout_rooms

Skill      XL: |  1  2 |
---------------+-------+-----
Maces & Flails | 2 |  2.2
Fighting       | 3 |  3.0
Armour         | 4 |  4.0
Dodging        | |  0.3
Shields        | |  3.7

Action                   || total
-------------------------++-------
Melee: Flail             ||    80
       Tailslap          ||     6
  Use: Potion            ||     1
Armor: Scale mail        ||    27
       Ring mail         ||    33
Dodge: Dodged            ||    60
Block: Buckler           ||    27

Table legend: (Time is in decaauts)
 A = Elapsed time spent in this place.
 B = Non-inter-level travel time spent in this place.
 C = Inter-level travel time spent in this place.
 D = Time resting spent in this place.
 E = Time spent auto-exploring this place.
 F = Levels seen in this place.
 G = Mean time per level.
                   A        B        C        D        E       F      G
               +--------+--------+--------+--------+--------+-----+--------+
         Total |    664 |    630 |     34 |      0 |    436 |   2 |  332.0 |
       Dungeon |    664 |    630 |     34 |      0 |    436 |   2 |  332.0 |
               +--------+--------+--------+--------+--------+-----+--------+

Top non-repeatable levels by time:
     D:1: 571 daAuts
     D:2: 93 daAuts
